 Dungeon Crawl Stone Soup version 0.20.1-1-g8b1a95d (webtiles) character file.

200 Mitsuki the Skirmisher (level 5, 0/47 HPs)
             Began as a Hill Orc Fighter on Oct 5, 2017.
             Slain by a slave (1 damage)
             ... led by Pikel
             ... on level 3 of the Dungeon.
             The game lasted 00:05:39 (3543 turns).

Mitsuki the Skirmisher (Hill Orc Fighter)           Turns: 3543, Time: 00:05:39

Health: 0/47       AC: 12    Str: 20    XL:     5   Next: 78%
Magic:  5/5        EV:  5    Int:  8    God:
Gold:   194        SH:  9    Dex: 10    Spells: 4/4 levels left

rFire    . . .     SeeInvis .   a - +0 trident
rCold    . . .     Gourm    .   c - +0 shield
rNeg     . . .     Faith    .   B - +0 chain mail (curse)
rPois    .         Spirit   .   q - +0 helmet
rElec    .         Reflect  .   (no cloak)
rCorr    .         Harm     .   (no gloves)
MR       .....                  p - +0 pair of boots
Stlth    ..........             (no amulet)
Regen    0.2/turn               (no ring)
MPRegen  0.1/turn               (no ring)

@: no status effects
A: no striking features
a: no special abilities


You were on level 3 of the Dungeon.
You were not hungry.

You visited 1 branch of the dungeon, and saw 4 of its levels.

You collected 194 gold pieces.

Inventory:

Hand Weapons
 a - a +0 trident (weapon)
Armour
 c - a +0 shield (worn)
 p - a +0 pair of boots (worn)
 q - a +0 helmet (worn)
 B - a cursed +0 chain mail (worn)
Wands
 u - a wand of digging (16/24)
Scrolls
 e - a scroll of fear {unknown}
 i - a scroll of teleportation {unknown}
 j - a scroll of blinking {unknown}
 m - a scroll of magic mapping {unknown}
 n - 5 scrolls of identify {unknown}
 o - 2 scrolls of noise {unknown}
 t - 2 scrolls of fog {unknown}
 y - a scroll of remove curse {unknown}
Potions
 d - 3 potions of might
 g - 2 potions of lignification {unknown}
 k - 2 potions of flight {unknown}
 l - a potion of degeneration {unknown}
 r - 2 potions of haste {unknown}
 s - a potion of curing
 v - a potion of ambrosia {unknown}
 z - 2 potions of mutation {unknown}
Books
 w - a book of Misfortune

   Spells                             Type                      Level
   a - Confusing Touch                Hexes                        1
   b - Confuse                        Hexes                        3
   c - Gell's Gravitas                Translocation                3
   d - Petrify                        Transmutation/Earth          4
   e - Metabolic Englaciation         Hexes/Ice                    5
   f - Yara's Violent Unravelling     Hexes/Transmutation          5
Comestibles
 b - 3 chunks of flesh
 f - 3 bread rations
 h - 2 meat rations
 A - a royal jelly


   Skills:
 + Level 4.7 Fighting
 + Level 3.7 Polearms
 + Level 4.4 Armour
 + Level 4.4 Shields


You had 4 spell levels left.
You didn't know any spells.

Dungeon Overview and Level Annotations

Branches:
Dungeon (4/15)
 Temple: D:4-7

Altars:
Cheibriados
Dithmenos
Elyvilon
Uskayaw

Annotations:
D:3 Pikel


Message History

You block the slave's attack. Pikel hits you with a whip of flaming.
* * * LOW HITPOINT WARNING * * *
Pikel burns you.
* * * LOW HITPOINT WARNING * * *
The slave hits you but does no damage. You block the slave's attack.
Pikel barely misses you.
You closely miss Pikel.
Pikel is moderately wounded.
You block the slave's attack. The slave hits you.
* * * LOW HITPOINT WARNING * * *
Pikel hits you but does no damage.
You puncture Pikel!
Pikel is heavily wounded.
You block the slave's attack. The slave barely misses you.
Pikel hits you but does no damage.
You hit Pikel.
Pikel is heavily wounded.
The slave barely misses you. You block the slave's attack.
You block Pikel's attack. The slave hits you.
You die...

######### #..^.ppp#
#####.#####@#
###...#.#####K#############
#................##.......#
#.#...#.##..#.##.##.#####.#
#.##.##.##..#.##.##.#...#.#
#....##...........(.....#.#
#..####.###.####.##.......#
#.......# #.####.##)......#
##.########......##.......#


You could see Pikel and 3 slaves.

Vanquished Creatures
  A slave (D:3)
  A crimson imp (D:3)
  Robin (D:2)
  3 gnolls (D:2)
  4 adders
  An ooze (D:3)
  A dart slug (D:1)
  3 leopard geckos
  7 orcs (D:3)
  4 giant cockroaches
  14 goblins
  8 hobgoblins
  2 jackals (D:3)
  2 quokkas (D:3)
  A ball python (D:3)
  6 bats
  3 frilled lizards
  6 kobolds
  5 rats
73 creatures vanquished.

Notes
Turn   | Place    | Note
-------+----------+-------------------------------------------
     0 | D:1      | Mitsuki the Hill Orc Fighter began the quest for the Orb.
     0 | D:1      | Reached XP level 1. HP: 19/19 MP: 1/1
   475 | D:1      | Reached XP level 2. HP: 27/27 MP: 2/2
  1061 | D:2      | Reached XP level 3. HP: 32/33 MP: 3/3
  1086 | D:2      | Noticed Robin
  1402 | D:2      | Killed Robin
  1402 | D:2      | Reached XP level 4. HP: 40/40 MP: 4/4
  1473 | D:2      | Found a hide-covered altar of Uskayaw.
  1564 | D:2      | Found a shadowy altar of Dithmenos.
  2214 | D:2      | Found a white marble altar of Elyvilon.
  2381 | D:3      | Reached XP level 5. HP: 46/46 MP: 5/5
  3251 | D:2      | Found a snail-covered altar of Cheibriados.
  3348 | D:4      | Noticed a slave
  3349 | D:4      | Noticed a slave
  3349 | D:4      | Noticed a slave
  3350 | D:4      | Noticed Pikel
  3350 | D:4      | Noticed a slave
  3405 | D:3      | Killed a slave
  3541 | D:3      | HP: 1/47 [slave[Pikel] (3)]
  3543 | D:3      | Slain by a slave

Skill      XL: |  1  2  3  4 |
---------------+-------------+-----
Polearms       | 3 |  3.7
Fighting       | 4 |  4.7
Shields        | 4 |  4.4
Armour         | 4 |  4.4

Action                   |  1- 3 |  4- 6 || total
-------------------------+-------+-------++-------
Melee: Trident           |   106 |   194 ||   300
  Use: Potion            |       |     1 ||     1
  Eat: Chunk             |     2 |     7 ||     9
Armor: Scale mail        |    39 |    50 ||    89
       Chain mail        |       |    42 ||    42
Dodge: Dodged            |    45 |    49 ||    94
Block: Shield            |    41 |    81 ||   122
